 Dungeon Crawl Stone Soup version 0.28-a0-1638-g9123634e07 (webtiles) character file.

Game seed: 10018483154429252448

369 Hasart the Insei (level 6, 0/41 HPs)
             Began as an Octopode Transmuter on Jan 25, 2022.
             Slain by Robin (3 damage)
             ... on level 4 of the Dungeon.
             The game lasted 00:06:11 (3959 turns).

Hasart the Insei (Octopode Transmuter)              Turns: 3959, Time: 00:06:12

Health: 0/41       AC:  1    Str:  9    XL:     6   Next: 70%
Magic:  5/10       EV: 14    Int: 17    God:
Gold:   118        SH:  0    Dex: 13    Spells: 5/11 levels left

rFire   . . .      SeeInvis .     - Unarmed
rCold   . . .      Faith    .   (no shield)
rNeg    . . .      Spirit   .   (helmet restricted)
rPois   .          Reflect  .   (no amulet)
rElec   .          Harm     .   c - ring of flight
rCorr   .          Rampage  .   (no ring)
Will    .....                   (no ring)
Stlth   ++........              (no ring)
HPRegen 0.13/turn               (no ring)
MPRegen 0.12/turn               (no ring)
                                (no ring)
                                (no ring)

@: wereblooded (expiring), flying
A: almost no armour, amphibious, 8 rings, camouflage 1, gelatinous body 1,
(nimble swimmer 1), tentacles
a: no special abilities


You were on level 4 of the Dungeon.
You visited 1 branch of the dungeon, and saw 4 of its levels.

You collected 118 gold pieces.

Inventory:

Jewellery
 c - a ring of flight (left tentacle)
Wands
 l - a wand of mindburst (10)
Scrolls
 a - a scroll of fog {unknown}
 d - a scroll of summoning {unknown}
 e - a scroll of enchant weapon {unknown}
 f - 3 scrolls of identify {unknown}
 j - a scroll of noise {unknown}
Potions
 b - 2 potions of lignification {unknown}
 g - a potion of heal wounds {unknown}
 h - a potion of might {unknown}
 i - a potion of flight {unknown}
 k - a potion of mutation {unknown}


   Skills:
 + Level 2.5 Fighting
 + Level 3.2 Dodging
 * Level 4.8 Unarmed Combat
 + Level 3.0 Spellcasting
 + Level 3.1 Transmutations
 + Level 1.8 Poison Magic
 + Level 0.2 Evocations


You had 5 spell levels left.
You knew the following spells:

 Your Spells              Type           Power      Damage    Failure   Level
a - Beastly Appendage     Tmut           26%        N/A       4%          1
b - Wereblood             Tmut           13%        N/A       8%          2
c - Spider Form           Tmut/Pois      10%        N/A       19%         3

Your spell library contained the following spells:

 Spells                   Type           Power      Damage    Failure   Level
 Corpse Rot               Necr/Air       4%         N/A       26%         2
 Sublimation of Blood     Necr           2%         N/A       26%         2
 Ice Form                 Ice/Tmut       7%         N/A       67%         4
 Dispel Undead            Necr           2%         3d7       86%         4
 Hailstorm                Conj/Ice       2%         3d3       86%         4
 Death Channel            Necr           1%         N/A       100%        6
 Simulacrum               Ice/Necr       1%         N/A       100%        6
 Summon Hydra             Summ           1%         N/A       100%        7


Dungeon Overview and Level Annotations

Branches:
Dungeon (4/15)
 Temple: D:4-7

Altars:
Uskayaw

Annotations:
D:4 Robin


Innate Abilities, Weirdness & Mutations

You cannot wear most types of armour.
You are amphibious.
You can wear up to eight rings at the same time.
Your skin changes colour to match your surroundings (Stealth+).
Your rubbery body absorbs attacks. (AC +1, EV +1)
((You are camouflaged when in or above water. (Stealth+)))
You have tentacles for arms and can constrict up to eight enemies at once.


Message History

The goblin no longer looks unusually strong.
The adder bites you. The goblin closely misses you.
The goblin hits you with a +0 dagger.
Unknown command.
You closely miss the adder. You grab the adder. You squeeze the adder!
You feel a bit better.
You kill the adder!
You howl as the wereblood boils in your veins!
Your primal bloodlust is almost over.
The goblin barely misses you. The goblin misses you.
Unknown command.
You bludgeon the iguana! Your grab misses the iguana.
The iguana is heavily wounded.
The goblin hits you with a +0 club. The goblin hits you with a +0 dagger.
The iguana bites you.
* * * LOW HITPOINT WARNING * * *
Unknown command.
You bludgeon the iguana! You grab the iguana.
The iguana is almost dead.
You constrict the iguana, but do no damage.
The goblin closely misses you. The goblin hits you but does no damage.
Robin roars a battlecry!
The goblin goes into a battle-frenzy!
The iguana bites you.
* * * LOW HITPOINT WARNING * * *
You tentacle-slap the iguana.
You feel a bit better.
You kill the iguana!
The goblin no longer looks unusually strong.
The goblin hits you with a +0 club.
* * * LOW HITPOINT WARNING * * *
The goblin hits you with a +0 dagger.
* * * LOW HITPOINT WARNING * * *
The ball python barely misses you. The ball python closely misses you.
Your Spellcasting skill increases to level 3!
You bludgeon the goblin!
You feel a bit better.
You kill the goblin!
You howl as the wereblood boils in your veins!
The goblin closely misses you.
Robin hits you from afar with a +2 antimagic spear.
You die...

≈≈≈≈≈≈..# #
≈≈≈≈≈≈..## .#
≈≈≈≈≈≈.?.##..##
≈≈≈≈≈≈)).......
≈≈≈≈≈.$.)#
≈≈≈...))##
≈....?Zg####
......gS##.## #
###..##@#...##.#
###.###))....#.#
...............#
######.........#
##.......#
##.....##
##...##
#######.##
#.......#


You could see Robin, a goblin, a ball python and a bullfrog skeleton.

Vanquished Creatures
  A black bear (D:3)
  A gnoll shaman (D:2)
  An iguana (D:4)
  Ijyb (D:3)
  7 adders
  4 gnolls (D:2)
  3 dart slugs
  3 orcs (D:3)
  5 ball pythons
  6 endoplasms
  A giant cockroach (D:2)
  13 goblins
  14 hobgoblins
  5 jackals
  2 kobolds
  A quokka (D:1)
  6 bats
  2 frilled lizards (D:1)
  7 rats
83 creatures vanquished.

Notes
Turn   | Place    | Note
-------+----------+-------------------------------------------
     0 | D:1      | Hasart the Octopode Transmuter began the quest for the Orb.
     0 | D:1      | Reached XP level 1. HP: 13/13 MP: 3/3
   108 | D:1      | Reached XP level 2. HP: 18/18 MP: 3/5
   341 | D:1      | Found a faded altar of an unknown god.
   750 | D:2      | Learned a level 2 spell: Wereblood
   881 | D:2      | Reached XP level 3. HP: 22/23 MP: 6/6
  1144 | D:2      | HP: 1/23 [gnoll (1)]
  1146 | D:2      | Reached XP level 4. HP: 3/29 MP: 3/7
  1166 | D:2      | HP: 1/29 [dart slug/slug dart (5)]
  1575 | D:1      | Learned a level 3 spell: Spider Form
  2030 | D:2      | Reached skill level 4 in Unarmed Combat
  2032 | D:2      | Reached XP level 5. HP: 27/34 MP: 2/8
  2916 | D:3      | Noticed a black bear
  2947 | D:3      | Killed a black bear
  2948 | D:3      | Reached skill level 1 in Poison Magic
  2948 | D:3      | Reached XP level 6. HP: 28/40 MP: 5/10
  3435 | D:3      | Found a hide-covered altar of Uskayaw.
  3436 | D:3      | Noticed Ijyb
  3451 | D:3      | Killed Ijyb
  3933 | D:4      | Noticed Robin
  3958 | D:4      | HP: 2/41 [goblin[Robin] (3)]
  3959 | D:4      | Slain by Robin

Illustrated notes

Levels and vault maps discovered:
D:1:      dpeg_cavernosity, layout_basic, shapermc_ecumenical_altar_flowoftime
D:2:      layout_rooms, kennysheep_boxes
D:3:      layout_basic, mainiacjoe_overflow_six_doors_small, chequers_avenue,
          grunt_decor_clamped, uniq_ijyb
D:4:      layout_loops_ring, temple_pool_b, uniq_robin, uniq_edmund

Skill      XL: |  1  2  3  4  5  6 |
---------------+-------------------+-----
Unarmed Combat | 4 |  4.8
Fighting       | 2 |  2.5
Dodging        | 3 |  3.2
Poison Magic   | 1 |  1.8
Transmutations | 3 |  3.1
Spellcasting   | 3 |  3.0
Evocations     | |  0.2

Action                   |  1- 3 |  4- 6 || total
-------------------------+-------+-------++-------
Melee: Unarmed           |    61 |   125 ||   186
       Tentacles         |    16 |    15 ||    31
       Constrict         |    18 |    21 ||    39
       Kick              |     7 |     1 ||     8
       Punch             |     1 |     2 ||     3
 Cast: Beastly Appendage |     3 |     2 ||     5
       Wereblood         |     1 |     2 ||     3
       Spider Form       |       |     7 ||     7
 Stab: Sleeping          |     6 |     5 ||    11
Armor: Skin              |     6 |    14 ||    20
Dodge: Dodged            |    35 |   121 ||   156

Table legend: (Time is in decaauts)
 A = Elapsed time spent in this place.
 B = Non-inter-level travel time spent in this place.
 C = Inter-level travel time spent in this place.
 D = Time resting spent in this place.
 E = Time spent auto-exploring this place.
 F = Levels seen in this place.
 G = Mean time per level.
                   A        B        C        D        E       F      G
               +--------+--------+--------+--------+--------+-----+--------+
         Total |   3946 |   3881 |     65 |     57 |   3225 |   4 |  986.5 |
       Dungeon |   3946 |   3881 |     65 |     57 |   3225 |   4 |  986.5 |
               +--------+--------+--------+--------+--------+-----+--------+

Top non-repeatable levels by time:
     D:1: 1556 daAuts
     D:3: 1413 daAuts
     D:2: 909 daAuts
     D:4: 67 daAuts
